Ducks vs Devils

Created - 29 décembre 2017 at 09:05

Goals
1 2 3 T
Ducks 1 1 1 3
Devils 1 2 3 6
Shots
1 2 3 T
Ducks 9 8 15 32
Devils 17 13 12 42

1st period

1. Ducks , Craig Smith 10 (Trevor Lewis 7, Nick Leddy 13) at 6:19
2. Devils , Ben Lovejoy 4 (T.J. Oshie 14, Steven Stamkos 19) at 8:19 (PP)

Penalties :
Rasmus Ristolainen (ANA) for Hooking (Minor) at 6:47

2nd period

3. Ducks , Phillip Danault 10 (Nick Leddy 14, Jordan Staal 22) at 9:40
4. Devils , Danton Heinen 4 (Alexander Debrincat 1, Brayden Point 12) at 14:04
5. Devils , Tanner Pearson 9 (Tyler Johnson 12, Conor Sheary 11) at 19:16 (PP)

Penalties :
Milan Lucic (ANA) for Roughing (Double Minor) at 2:42, Tom Wilson (ANA) for Holding (Minor) at 17:17

3rd period

6. Devils , Danton Heinen 5 (Alexander Debrincat 2, Brayden Point 13) at 1:32
7. Devils , Tanner Pearson 10 (Conor Sheary 12) at 6:56 (PP)
8. Ducks , Tommy Wingels 4 (Riley Nash 4, Cody McLeod 3) at 13:30
9. Devils , Alexander Debrincat 3 (Danton Heinen 2, Brayden Point 14) at 14:34

Penalties :
Shea Weber (NJD) for Hooking (Minor) at 3:46, Deryk Engelland (ANA) for Hooking (Minor) at 6:46, Ben Lovejoy (NJD) for Interference (Minor) at 19:33

Goalie Stats

Cam Ward (ANA), 36 saves from 42 shots - (0,857), L, 15-8-2, 60:00 minutes
Scott Darling (NJD), 29 saves from 32 shots - (0,906), W, 13-8-5, 60:00 minutes

Players Stats for Ducks

Player Name              G  A  P  +/- PIM S  H  SB GA TA FO     MP     PP MP  PK MP  
------------------------------------------------------------------------------------
Cody McLeod              0  1  1   1  0   0  1  0  0  0  0/0    10:20   0:00   1:53 
Connor Carrick           0  0  0   0  0   0  1  0  0  1  0/0    14:14   0:15   1:24 
Craig Smith              1  0  1   0  0   5  0  0  0  1  0/0    11:04   0:22   0:03 
David Krejci             0  0  0  -2  0   0  2  0  2  1  23/40  19:46   1:19   0:41 
Deryk Engelland          0  0  0   0  2   1  1  0  0  0  0/0    16:11   0:43   0:22 
Jack Johnson             0  0  0   0  0   2  0  1  0  2  0/0    21:00   0:00   4:14 
Jean-Gabriel Pageau      0  0  0   1  0   0  1  1  1  1  1/2    16:08   1:05   2:07 
Jonathan Ericsson        0  0  0   0  0   0  1  4  0  1  0/0    16:26   0:28   4:14 
Jordan Staal             0  1  1   1  0   4  3  0  0  0  4/4    12:56   0:00   0:00 
Milan Lucic              0  0  0  -2  4   1  2  0  1  0  1/1    19:12   1:20   0:00 
Nick Leddy               0  2  2   0  0   3  3  1  1  1  0/0    24:45   1:42   2:48 
Patrik Laine             0  0  0  -2  0   3  1  0  0  0  0/0    19:10   1:20   0:00 
Phillip Danault          1  0  1   1  0   1  2  1  0  0  3/6    17:32   0:44   3:45 
Rasmus Ristolainen       0  0  0   0  2   3  0  1  1  2  0/0    27:22   1:42   2:18 
Riley Nash               0  1  1   1  0   0  1  1  0  0  0/1     8:27   0:00   0:00 
Tom Wilson               0  0  0   0  2   2  4  1  2  0  0/0    14:23   1:05   2:40 
Tommy Wingels            1  0  1   1  0   4  1  2  0  0  0/0    10:34   0:00   2:07 
Trevor Lewis             0  1  1   0  0   3  1  0  0  0  4/6    12:46   0:00   2:04 

Players Stats for Devils

Player Name              G  A  P  +/- PIM S  H  SB GA TA FO     MP     PP MP  PK MP  
------------------------------------------------------------------------------------
Alexander Debrincat      1  2  3   2  0   4  0  0  2  2  0/1    13:52   0:31   0:30 
Alexander Edler          0  0  0   1  0   0  2  0  0  2  0/0    26:48   3:47   1:18 
Andrew Cogliano          0  0  0   0  0   2  1  0  1  0  1/6     9:45   0:57   1:32 
Ben Lovejoy              1  0  1  -2  2   1  2  1  0  0  0/0    21:44   3:53   0:49 
Brayden Point            0  3  3   2  0   1  1  0  1  0  7/16   13:36   0:50   0:00 
Conor Sheary             0  2  2  -1  0   5  3  0  0  0  1/1    16:36   2:59   0:30 
Danton Heinen            2  1  3   2  0   6  0  1  0  0  0/0    13:36   0:32   0:00 
Dmitry Kulikov           0  0  0   1  0   1  0  1  0  1  0/0    12:07   0:00   0:53 
Dominic Moore            0  0  0   0  0   0  0  0  0  0  0/0     7:34   0:00   0:00 
Linden Vey               0  0  0   0  0   0  0  0  0  0  0/0     7:34   0:00   0:00 
Matt Hunwick             0  0  0   1  0   1  0  0  0  1  0/0    11:09   0:00   0:00 
Nazem Kadri              0  0  0  -1  0   2  2  0  4  0  0/2    20:35   3:44   0:23 
Nick Holden              0  0  0  -2  0   3  3  0  0  0  0/0    22:35   3:53   1:44 
Shea Weber               0  0  0   1  2   3  2  0  0  0  0/0    25:40   3:47   0:06 
Steven Stamkos           0  1  1  -1  0   4  0  0  0  1  11/21  20:12   3:44   0:00 
T.J. Oshie               0  1  1  -1  0   2  0  1  2  1  0/1    21:44   3:44   1:32 
Tanner Pearson           2  0  2  -1  0   4  1  0  0  0  0/1    16:01   2:59   0:00 
Tyler Johnson            0  1  1  -1  0   3  3  1  0  0  4/11   16:25   3:00   0:23 

3 Stars

1 - Danton Heinen (NJD)
2 - Alexander Debrincat (NJD)
3 - Brayden Point (NJD)

Power Play

Ducks - 0 on 2 Attempt(s) - 0,00%
Devils - 3 on 5 Attempt(s) - 60,00%

Penalty Kill

Ducks - 2 on 5 Attempt(s) - 40,00% - Score 0 goal in Penalty Kill
Devils - 2 on 2 Attempt(s) - 100,00% - Score 0 goal in Penalty Kill

Team Stat

Ducks - Hits : 25 - Faceoff Wins : 36 - Blocked Shots : 13 - Penalty Minutes : 10
Devils - Hits : 20 - Faceoff Wins : 24 - Blocked Shots : 5 - Penalty Minutes : 4

Official

Referees : Mike Hasenfratz and Justin StPierre
Linesman : Greg Devorski and Devin Berg

Game Notes

No Game Note

Finance

Level 1 -- Attendance: 4497 (74,95%) -- Ticket Income 449 700 $
Level 2 -- Attendance: 4309 (86,18%) -- Ticket Income 258 540 $
Level 3 -- Attendance: 2000 (100,00%) -- Ticket Income 70 000 $
Level 4 -- Attendance: 3911 (97,78%) -- Ticket Income 78 220 $
Luxury Box -- Attendance: 715 (71,50%) -- Ticket Income 143 000 $
Game was played at the Hellgates Center.
Total Attendance: 15432 (85,73%)
Total Ticket Income: 999 460 $
Other Income: 489 735 $
Total Income: 1 489 195 $

Ducks

5 vs 5 Forward 
   Center                   Left Wing                Right Wing               Time % Phy DF OF 
 1 David Krejci             Milan Lucic              Patrik Laine             40     1   2  2  
 2 Jordan Staal             Phillip Danault          Jean-Gabriel Pageau      30     1   2  2  
 3 Trevor Lewis             Craig Smith              Tom Wilson               20     1   2  2  
 4 Riley Nash               Tommy Wingels            Cody McLeod              10     1   2  2  

5 vs 5 Defense 
   Defense                  Defense                                           Time % Phy DF OF 
 1 Rasmus Ristolainen       Nick Leddy                                        40     1   2  2  
 2 Jack Johnson             Deryk Engelland                                   30     1   2  2  
 3 Jonathan Ericsson        Connor Carrick                                    20     1   2  2  
 4 Rasmus Ristolainen       Jack Johnson                                      10     1   2  2  

PowerPlay Forward 
   Center                   Left Wing                Right Wing               Time % Phy DF OF 
 1 David Krejci             Milan Lucic              Patrik Laine             60     1   2  2  
 2 David Krejci             Jean-Gabriel Pageau      Tom Wilson               40     1   2  2  

PowerPlay Defense
   Defense                  Defense                                           Time % Phy DF OF 
 1 Rasmus Ristolainen       Nick Leddy                                        60     1   2  2  
 2 Nick Leddy               Deryk Engelland                                   40     1   2  2  

Penalty Kill 4 Players Forward 
   Center                   Wing                     Time % Phy DF OF 
 1 Phillip Danault          Tom Wilson               60     1   2  2  
 2 Jean-Gabriel Pageau      Tommy Wingels            40     1   2  2  

Penalty Kill 4 Players Defense
   Defense                  Defense                  Time % Phy DF OF 
 1 Jonathan Ericsson        Jack Johnson             60     1   2  2  
 2 Nick Leddy               Rasmus Ristolainen       40     1   2  2  

Penalty Kill - 3 Players Forward 
   Forward                                           Time % Phy DF OF 
 1 Jean-Gabriel Pageau                               60     1   2  2  
 2 David Krejci                                      40     1   2  2  

Penalty Kill - 3 Players Defense
   Defense                  Defense                  Time % Phy DF OF 
 1 Rasmus Ristolainen       Jonathan Ericsson        60     1   2  2  
 2 Nick Leddy               Deryk Engelland          40     1   2  2  

4 vs 4 Forward 
   Center                   Wing                     Time % Phy DF OF 
 1 Jordan Staal             Patrik Laine             60     1   2  2  
 2 David Krejci             Milan Lucic              40     1   2  2  

4 vs 4 Defense
   Defense                  Defense                  Time % Phy DF OF 
 1 Rasmus Ristolainen       Jack Johnson             60     1   2  2  
 2 Nick Leddy               Deryk Engelland          40     1   2  2  

Last Minutes Offensive
   Center                   Left Wing                Right Wing               Defense                  Defense                  
   Jordan Staal             Milan Lucic              Patrik Laine             Rasmus Ristolainen       Jack Johnson             

Last Minutes Defensive
   Center                   Left Wing                Right Wing               Defense                  Defense                  
   Jordan Staal             Milan Lucic              Patrik Laine             Rasmus Ristolainen       Jack Johnson             

Goaltenders
Starting : Cam Ward                 
Backup : Jacob Markstrom          

Extra Forwards
Normal : Phillip Danault, Craig Smith, Trevor Lewis - PP : Phillip Danault, Craig Smith - PK : Trevor Lewis
Extra Defensemen
Normal : Jonathan Ericsson, Connor Carrick, Nick Leddy - PP : Jonathan Ericsson - PK : Connor Carrick, Nick Leddy
Penalty Shots
Jordan Staal, David Krejci, Milan Lucic, Patrik Laine, Jean-Gabriel Pageau
Custom OT Lines Forwards
Jordan Staal, David Krejci, Milan Lucic, Patrik Laine, Jean-Gabriel Pageau, Phillip Danault, Tom Wilson, Craig Smith, Trevor Lewis, Riley Nash
Custom OT Lines Defensemen
Rasmus Ristolainen, Jack Johnson, Nick Leddy, Deryk Engelland, Jonathan Ericsson

Scratches
Jordin Tootoo (Healthy)

Devils

5 vs 5 Forward 
   Center                   Left Wing                Right Wing               Time % Phy DF OF 
 1 Steven Stamkos           T.J. Oshie               Nazem Kadri              33     1   2  2  
 2 Tyler Johnson            Tanner Pearson           Conor Sheary             27     1   2  2  
 3 Brayden Point            Danton Heinen            Alexander Debrincat      27     1   2  2  
 4 Dominic Moore            Andrew Cogliano          Linden Vey               13     1   2  2  

5 vs 5 Defense 
   Defense                  Defense                                           Time % Phy DF OF 
 1 Shea Weber               Alexander Edler                                   40     1   2  2  
 2 Nick Holden              Ben Lovejoy                                       30     1   2  2  
 3 Matt Hunwick             Dmitry Kulikov                                    20     1   2  2  
 4 Shea Weber               Alexander Edler                                   10     1   2  2  

PowerPlay Forward 
   Center                   Left Wing                Right Wing               Time % Phy DF OF 
 1 Steven Stamkos           T.J. Oshie               Nazem Kadri              50     1   2  2  
 2 Tyler Johnson            Tanner Pearson           Conor Sheary             50     1   2  2  

PowerPlay Defense
   Defense                  Defense                                           Time % Phy DF OF 
 1 Shea Weber               Alexander Edler                                   50     1   2  2  
 2 Nick Holden              Ben Lovejoy                                       50     1   2  2  

Penalty Kill 4 Players Forward 
   Center                   Wing                     Time % Phy DF OF 
 1 Andrew Cogliano          T.J. Oshie               60     1   2  2  
 2 Nazem Kadri              Tyler Johnson            40     1   2  2  

Penalty Kill 4 Players Defense
   Defense                  Defense                  Time % Phy DF OF 
 1 Shea Weber               Alexander Edler          60     1   2  2  
 2 Nick Holden              Ben Lovejoy              40     1   2  2  

Penalty Kill - 3 Players Forward 
   Forward                                           Time % Phy DF OF 
 1 Andrew Cogliano                                   60     1   2  2  
 2 T.J. Oshie                                        40     1   2  2  

Penalty Kill - 3 Players Defense
   Defense                  Defense                  Time % Phy DF OF 
 1 Shea Weber               Alexander Edler          60     1   2  2  
 2 Nick Holden              Ben Lovejoy              40     1   2  2  

4 vs 4 Forward 
   Center                   Wing                     Time % Phy DF OF 
 1 Steven Stamkos           T.J. Oshie               50     1   2  2  
 2 Nazem Kadri              Tyler Johnson            50     1   2  2  

4 vs 4 Defense
   Defense                  Defense                  Time % Phy DF OF 
 1 Shea Weber               Alexander Edler          50     1   2  2  
 2 Nick Holden              Ben Lovejoy              50     1   2  2  

Last Minutes Offensive
   Center                   Left Wing                Right Wing               Defense                  Defense                  
   Steven Stamkos           T.J. Oshie               Nazem Kadri              Shea Weber               Alexander Edler          

Last Minutes Defensive
   Center                   Left Wing                Right Wing               Defense                  Defense                  
   Steven Stamkos           T.J. Oshie               Andrew Cogliano          Shea Weber               Alexander Edler          

Goaltenders
Starting : Scott Darling            
Backup : Steve Mason              

Extra Forwards
Normal : Brayden Point, Danton Heinen, Conor Sheary - PP : Brayden Point, Danton Heinen - PK : Conor Sheary
Extra Defensemen
Normal : Matt Hunwick, Dmitry Kulikov, Nick Holden - PP : Matt Hunwick - PK : Dmitry Kulikov, Nick Holden
Penalty Shots
Steven Stamkos, T.J. Oshie, Nazem Kadri, Tyler Johnson, Tanner Pearson
Custom OT Lines Forwards
Steven Stamkos, T.J. Oshie, Nazem Kadri, Tyler Johnson, Tanner Pearson, Andrew Cogliano, Brayden Point, Danton Heinen, Conor Sheary, Dominic Moore
Custom OT Lines Defensemen
Shea Weber, Alexander Edler, Nick Holden, Ben Lovejoy, Matt Hunwick

Scratches
Alexander Kerfoot (Bruised Left Foot Injury), Michal Neuvirth (Healthy)

% Time on Ice - Ducks

Lines # - Real PCT - Wanted PCT - Time Play
Normal Forward
1 - 36% - 40% - 17:53
2 - 26% - 30% - 12:56
3 - 21% - 20% - 10:39
4 - 17% - 10% - 8:27
Normal Defense
1 - 40% - 40% - 20:10
2 - 31% - 30% - 15:35
3 - 24% - 20% - 11:44
4 - 5% - 10% - 2:26
PP Forward
1 - 55% - 60% - 1:20
2 - 45% - 40% - 1:05
PP Defense
1 - 70% - 60% - 1:42
2 - 30% - 40% - 0:43
PK Forward
1 - 72% - 60% - 5:33
2 - 28% - 40% - 2:07
PK Defense
1 - 63% - 60% - 4:52
2 - 37% - 40% - 2:48
PK3 Forward
1 - 0% - 60%
2 - 0% - 40%
PK3 Defense
1 - 0% - 60%
2 - 0% - 40%
44 Forward
1 - 0% - 60%
2 - 0% - 40%
44 Defense
1 - 0% - 60%
2 - 0% - 40%
Last Minute Offensive  - 0:00
Last Minute Defensive  - 0:00
Total
Forward - 60:00
Defense - 60:00

% Time on Ice - Devils

Lines # - Real PCT - Wanted PCT - Time Play
Normal Forward
1 - 33% - 33% - 16:33
2 - 26% - 27% - 13:02
3 - 26% - 27% - 12:46
4 - 15% - 13% - 7:34
Normal Defense
1 - 40% - 40% - 19:56
2 - 34% - 30% - 16:58
3 - 22% - 20% - 10:55
4 - 4% - 10% - 2:06
PP Forward
1 - 50% - 50% - 3:50
2 - 50% - 50% - 3:50
PP Defense
1 - 49% - 50% - 3:47
2 - 51% - 50% - 3:53
PK Forward
1 - 84% - 60% - 2:02
2 - 16% - 40% - 0:23
PK Defense
1 - 59% - 60% - 1:26
2 - 41% - 40% - 0:59
PK3 Forward
1 - 0% - 60%
2 - 0% - 40%
PK3 Defense
1 - 0% - 60%
2 - 0% - 40%
44 Forward
1 - 0% - 50%
2 - 0% - 50%
44 Defense
1 - 0% - 50%
2 - 0% - 50%
Last Minute Offensive  - 0:00
Last Minute Defensive  - 0:00
Total
Forward - 60:00
Defense - 60:00

Play by Play

1st period


0:01 of 1st period - David Krejci wins face-off versus Steven Stamkos in neutral zone.
0:26 of 1st period - Jean-Gabriel Pageau is hit by Tyler Johnson and loses puck.
1:09 of 1st period - Snap shot by Tyler Johnson.
1:09 of 1st period - Stopped by Cam Ward with a rebound.
1:17 of 1st period - Snap shot by Conor Sheary.
1:17 of 1st period - Stopped by Cam Ward without a rebound.
1:18 of 1st period - Brayden Point wins face-off versus David Krejci in Ducks zone.
1:19 of 1st period - Snap shot by Alexander Debrincat.
1:19 of 1st period - Stopped by Cam Ward with a rebound.
1:21 of 1st period - Slapshot by Dmitry Kulikov.
1:21 of 1st period - Stopped by Cam Ward without a rebound.
1:22 of 1st period - Brayden Point wins face-off versus David Krejci in Ducks zone.
1:51 of 1st period - Wrist shot by T.J. Oshie.
1:51 of 1st period - Stopped by Cam Ward with a rebound.
1:53 of 1st period - Wrist shot by Dmitry Kulikov.
1:53 of 1st period - Deflect By Steven Stamkos.
1:53 of 1st period - Stopped by Cam Ward without a rebound.
1:54 of 1st period - Jordan Staal wins face-off versus Steven Stamkos in Ducks zone.
2:01 of 1st period - Snap shot by T.J. Oshie.
2:01 of 1st period - Deflect By Steven Stamkos.
2:01 of 1st period - Stopped by Cam Ward without a rebound.
2:02 of 1st period - Andrew Cogliano wins face-off versus Jean-Gabriel Pageau in Ducks zone.
2:23 of 1st period - Alexander Edler is hit by Jordan Staal.
2:27 of 1st period - Jack Johnson is hit by Alexander Edler and loses puck.
3:07 of 1st period - Snap shot by Phillip Danault.
3:07 of 1st period - Shot Misses the Net.
3:09 of 1st period - Slapshot by Jack Johnson.
3:09 of 1st period - Stopped by Scott Darling without a rebound.
3:10 of 1st period - Brayden Point wins face-off versus David Krejci in Devils zone.
3:35 of 1st period - Trevor Lewis is hit by Nick Holden and loses puck.
3:44 of 1st period - Ben Lovejoy is hit by Trevor Lewis and loses puck.
4:01 of 1st period - Tanner Pearson is hit by Deryk Engelland and loses puck.
5:32 of 1st period - Jean-Gabriel Pageau is hit by Conor Sheary and loses puck.
5:49 of 1st period - Wrist shot by Brayden Point.
5:49 of 1st period - Deflect By Danton Heinen.
5:49 of 1st period - Stopped by Cam Ward with a rebound.
6:03 of 1st period - Wrist shot by Craig Smith.
6:03 of 1st period - Stopped by Scott Darling with a rebound.
6:05 of 1st period - Slapshot by Deryk Engelland.
6:05 of 1st period - Deflect By T.J. Oshie.
6:05 of 1st period - Stopped by Scott Darling with a rebound.
6:07 of 1st period - Slapshot by Jack Johnson.
6:07 of 1st period - Stopped by Scott Darling without a rebound.
6:08 of 1st period - Trevor Lewis wins face-off versus Brayden Point in Devils zone.
6:19 of 1st period - Snap shot by Trevor Lewis.
6:19 of 1st period - Deflect By Craig Smith.
6:19 of 1st period - Goal by Craig Smith - Ducks : 1 - Devils : 0.
6:20 of 1st period - David Krejci wins face-off versus Steven Stamkos in neutral zone.
6:47 of 1st period - Minor Penalty to Rasmus Ristolainen for Hooking.
6:48 of 1st period - Steven Stamkos wins face-off versus Phillip Danault in Ducks zone.
7:13 of 1st period - Phillip Danault is hit by Shea Weber and loses puck.
7:18 of 1st period - Slapshot by Conor Sheary.
7:18 of 1st period - Shot Misses the Net.
7:20 of 1st period - Snap shot by Tanner Pearson.
7:20 of 1st period - Stopped by Cam Ward without a rebound.
7:21 of 1st period - Phillip Danault wins face-off versus Tyler Johnson in Ducks zone.
7:59 of 1st period - Icing by Ben Lovejoy.
8:00 of 1st period - Jean-Gabriel Pageau wins face-off versus Steven Stamkos in Devils zone.
8:15 of 1st period - Slapshot by Steven Stamkos.
8:15 of 1st period - Shot Blocked by Jonathan Ericsson.
8:17 of 1st period - Snap shot by T.J. Oshie.
8:17 of 1st period - Shot Misses the Net.
8:19 of 1st period - Snap shot by Ben Lovejoy.
8:19 of 1st period - Goal by Ben Lovejoy - Ducks : 1 - Devils : 1.
8:20 of 1st period - Steven Stamkos wins face-off versus David Krejci in neutral zone.
8:35 of 1st period - Wrist shot by Steven Stamkos.
8:35 of 1st period - Stopped by Cam Ward without a rebound.
8:36 of 1st period - Jordan Staal wins face-off versus Alexander Debrincat in Ducks zone.
8:46 of 1st period - Snap shot by Jordan Staal.
8:46 of 1st period - Stopped by Scott Darling without a rebound.
8:47 of 1st period - Steven Stamkos wins face-off versus David Krejci in Devils zone.
9:16 of 1st period - Snap shot by Tanner Pearson.
9:16 of 1st period - Stopped by Cam Ward with a rebound.
11:13 of 1st period - Backhand shot by Tom Wilson.
11:13 of 1st period - Shot Misses the Net.
11:53 of 1st period - Wrist shot by Conor Sheary.
11:53 of 1st period - Shot Misses the Net.
12:55 of 1st period - Snap shot by Nazem Kadri.
12:55 of 1st period - Stopped by Cam Ward with a rebound.
12:57 of 1st period - Slapshot by Shea Weber.
12:57 of 1st period - Stopped by Cam Ward with a rebound.
12:59 of 1st period - Slapshot by Shea Weber.
12:59 of 1st period - Shot Blocked by Jack Johnson.
13:01 of 1st period - Slapshot by Alexander Edler.
13:01 of 1st period - Shot Blocked by Tommy Wingels.
13:17 of 1st period - Snap shot by Conor Sheary.
13:17 of 1st period - Stopped by Cam Ward without a rebound.
13:18 of 1st period - David Krejci wins face-off versus Steven Stamkos in Ducks zone.
13:51 of 1st period - Wrist shot by Brayden Point.
13:51 of 1st period - Deflect By Danton Heinen.
13:51 of 1st period - Stopped by Cam Ward with a rebound.
14:04 of 1st period - Snap shot by Craig Smith.
14:04 of 1st period - Stopped by Scott Darling with a rebound.
15:32 of 1st period - Wrist shot by Trevor Lewis.
15:32 of 1st period - Stopped by Scott Darling without a rebound.
15:33 of 1st period - Steven Stamkos wins face-off versus David Krejci in Devils zone.
16:59 of 1st period - Snap shot by Tommy Wingels.
16:59 of 1st period - Stopped by Scott Darling with a rebound.
17:01 of 1st period - Slapshot by Connor Carrick.
17:01 of 1st period - Shot Misses the Net.
17:21 of 1st period - Danton Heinen is hit by Jean-Gabriel Pageau and loses puck.
17:45 of 1st period - Slapshot by Tyler Johnson.
17:45 of 1st period - Stopped by Cam Ward without a rebound.
17:46 of 1st period - David Krejci wins face-off versus Steven Stamkos in Ducks zone.
17:51 of 1st period - T.J. Oshie is hit by Milan Lucic and loses puck.
Goals for this period are 1 for Ducks vs 1 for Devils.
Shots for this period are 9 for Ducks vs 17 for Devils.

2nd period


0:01 of 2nd period - Steven Stamkos wins face-off versus David Krejci in neutral zone.
0:26 of 2nd period - Nick Leddy is hit by Tyler Johnson and loses puck.
0:33 of 2nd period - Snap shot by Tanner Pearson.
0:33 of 2nd period - Shot Blocked by Jean-Gabriel Pageau.
0:35 of 2nd period - Snap shot by Shea Weber.
0:35 of 2nd period - Stopped by Cam Ward with a rebound.
0:37 of 2nd period - Wrist shot by Conor Sheary.
0:37 of 2nd period - Stopped by Cam Ward with a rebound.
0:39 of 2nd period - Snap shot by Tyler Johnson.
0:39 of 2nd period - Stopped by Cam Ward without a rebound.
0:40 of 2nd period - David Krejci wins face-off versus Brayden Point in Ducks zone.
1:06 of 2nd period - Deryk Engelland is hit by Ben Lovejoy and loses puck.
1:50 of 2nd period - Snap shot by Conor Sheary.
1:50 of 2nd period - Stopped by Cam Ward with a rebound.
1:52 of 2nd period - Snap shot by Dominic Moore.
1:52 of 2nd period - Shot Misses the Net.
1:54 of 2nd period - Slapshot by Matt Hunwick.
1:54 of 2nd period - Stopped by Cam Ward with a rebound.
1:56 of 2nd period - Snap shot by Andrew Cogliano.
1:56 of 2nd period - Stopped by Cam Ward with a rebound.
2:33 of 2nd period - Off-side.
2:34 of 2nd period - David Krejci wins face-off versus Brayden Point in neutral zone.
2:42 of 2nd period - Double Minor Penalty to Milan Lucic for Roughing.
2:43 of 2nd period - Phillip Danault wins face-off versus Tyler Johnson in Ducks zone.
2:51 of 2nd period - Snap shot by Shea Weber.
2:51 of 2nd period - Shot Blocked by Tom Wilson.
3:31 of 2nd period - Tommy Wingels is hit by Conor Sheary and loses puck.
4:18 of 2nd period - Shea Weber is hit by Tommy Wingels and loses puck.
4:57 of 2nd period - Wrist shot by Tom Wilson.
4:57 of 2nd period - Shot Misses the Net.
5:09 of 2nd period - Tommy Wingels is hit by Andrew Cogliano and loses puck.
5:16 of 2nd period - Snap shot by Andrew Cogliano.
5:16 of 2nd period - Stopped by Cam Ward with a rebound.
5:18 of 2nd period - Slapshot by Nick Holden.
5:18 of 2nd period - Stopped by Cam Ward with a rebound.
5:20 of 2nd period - Slapshot by Nick Holden.
5:20 of 2nd period - Shot Blocked by Jonathan Ericsson.
6:42 of 2nd period - Penalty to Milan Lucic is over, Milan Lucic is back on ice.
6:54 of 2nd period - Wrist shot by Linden Vey.
6:54 of 2nd period - Shot Hit the Post.
7:22 of 2nd period - Steven Stamkos is hit by David Krejci and loses puck.
7:46 of 2nd period - Alexander Debrincat is hit by Cody McLeod and loses puck.
8:10 of 2nd period - Slapshot by Rasmus Ristolainen.
8:10 of 2nd period - Stopped by Scott Darling without a rebound.
8:11 of 2nd period - Tyler Johnson wins face-off versus David Krejci in Devils zone.
8:11 of 2nd period - Tyler Johnson is hit by Patrik Laine.
8:19 of 2nd period - David Krejci is hit by Tyler Johnson and loses puck.
8:38 of 2nd period - Shea Weber is hit by Jordan Staal and loses puck.
8:55 of 2nd period - Snap shot by Jordan Staal.
8:55 of 2nd period - Shot Hit the Post.
9:05 of 2nd period - Wrist shot by Tom Wilson.
9:05 of 2nd period - Stopped by Scott Darling without a rebound.
9:06 of 2nd period - David Krejci wins face-off versus Tyler Johnson in Devils zone.
9:07 of 2nd period - Snap shot by Milan Lucic.
9:07 of 2nd period - Stopped by Scott Darling with a rebound.
9:40 of 2nd period - Snap shot by Phillip Danault.
9:40 of 2nd period - Deflect By Steven Stamkos.
9:40 of 2nd period - Goal by Phillip Danault - Ducks : 2 - Devils : 1.
9:41 of 2nd period - Steven Stamkos wins face-off versus David Krejci in neutral zone.
10:29 of 2nd period - Off-side.
10:30 of 2nd period - Jordan Staal wins face-off versus Brayden Point in neutral zone.
10:55 of 2nd period - Shea Weber is hit by Nick Leddy and loses puck.
11:16 of 2nd period - Riley Nash is hit by Tanner Pearson and loses puck.
12:22 of 2nd period - Tom Wilson is hit by Nazem Kadri and loses puck.
12:59 of 2nd period - Jordan Staal is hit by Alexander Edler and loses puck.
13:23 of 2nd period - Jonathan Ericsson is hit by Nick Holden.
13:30 of 2nd period - Icing by Nick Holden.
13:31 of 2nd period - Trevor Lewis wins face-off versus Steven Stamkos in Devils zone.
13:32 of 2nd period - Wrist shot by Craig Smith.
13:32 of 2nd period - Stopped by Scott Darling with a rebound.
13:46 of 2nd period - Wrist shot by Craig Smith.
13:46 of 2nd period - Stopped by Scott Darling with a rebound.
14:04 of 2nd period - Slapshot by Danton Heinen.
14:04 of 2nd period - Goal by Danton Heinen - Ducks : 2 - Devils : 2.
14:05 of 2nd period - David Krejci wins face-off versus Nazem Kadri in neutral zone.
14:10 of 2nd period - Nazem Kadri is hit by David Krejci and loses puck.
14:28 of 2nd period - Icing by Nick Leddy.
14:29 of 2nd period - David Krejci wins face-off versus Tyler Johnson in Ducks zone.
14:29 of 2nd period - David Krejci is hit by Nick Holden.
14:37 of 2nd period - Jean-Gabriel Pageau is hit by Conor Sheary.
15:05 of 2nd period - Snap shot by Trevor Lewis.
15:05 of 2nd period - Stopped by Scott Darling without a rebound.
15:06 of 2nd period - Brayden Point wins face-off versus David Krejci in Devils zone.
15:31 of 2nd period - Alexander Edler is hit by Phillip Danault and loses puck.
16:32 of 2nd period - Andrew Cogliano is hit by Connor Carrick and loses puck.
16:45 of 2nd period - Alexander Debrincat is hit by Jordan Staal and loses puck.
17:02 of 2nd period - Ben Lovejoy is hit by Tom Wilson.
17:03 of 2nd period - Icing by Ben Lovejoy.
17:04 of 2nd period - Steven Stamkos wins face-off versus Trevor Lewis in Devils zone.
17:04 of 2nd period - Steven Stamkos is hit by Tom Wilson.
17:17 of 2nd period - Minor Penalty to Tom Wilson for Holding.
17:18 of 2nd period - Steven Stamkos wins face-off versus Phillip Danault in Ducks zone.
17:51 of 2nd period - Wrist shot by Nazem Kadri.
17:51 of 2nd period - Shot Blocked by Phillip Danault.
17:53 of 2nd period - Slapshot by Nick Holden.
17:53 of 2nd period - Deflect By Trevor Lewis.
17:53 of 2nd period - Stopped by Cam Ward with a rebound.
17:55 of 2nd period - Slapshot by Ben Lovejoy.
17:55 of 2nd period - Shot Blocked by Jonathan Ericsson.
17:57 of 2nd period - Slapshot by Ben Lovejoy.
17:57 of 2nd period - Shot Misses the Net.
17:59 of 2nd period - Slapshot by Ben Lovejoy.
17:59 of 2nd period - Shot Blocked by Jonathan Ericsson.
18:01 of 2nd period - Wrist shot by Nazem Kadri.
18:01 of 2nd period - Shot Misses the Net.
18:03 of 2nd period - Slapshot by Nick Holden.
18:03 of 2nd period - Stopped by Cam Ward with a rebound.
18:05 of 2nd period - Wrist shot by Steven Stamkos.
18:05 of 2nd period - Shot Misses the Net.
18:46 of 2nd period - Wrist shot by Conor Sheary.
18:46 of 2nd period - Stopped by Cam Ward without a rebound.
18:47 of 2nd period - Phillip Danault wins face-off versus Tyler Johnson in Ducks zone.
19:08 of 2nd period - Icing by Tanner Pearson.
19:09 of 2nd period - Tyler Johnson wins face-off versus Trevor Lewis in Devils zone.
19:16 of 2nd period - Wrist shot by Tanner Pearson.
19:16 of 2nd period - Goal by Tanner Pearson - Ducks : 2 - Devils : 3.
19:17 of 2nd period - Steven Stamkos wins face-off versus David Krejci in neutral zone.
19:48 of 2nd period - Backhand shot by Craig Smith.
19:48 of 2nd period - Shot Misses the Net.
19:50 of 2nd period - Wrist shot by Trevor Lewis.
19:50 of 2nd period - Stopped by Scott Darling without a rebound.
19:51 of 2nd period - Trevor Lewis wins face-off versus Brayden Point in Devils zone.
19:52 of 2nd period - Slapshot by Craig Smith.
19:52 of 2nd period - Shot Misses the Net.
19:54 of 2nd period - Slapshot by Craig Smith.
19:54 of 2nd period - Shot Misses the Net.
Goals for this period are 1 for Ducks vs 2 for Devils.
Shots for this period are 8 for Ducks vs 13 for Devils.

3rd period


0:01 of 3rd period - David Krejci wins face-off versus Tyler Johnson in neutral zone.
0:32 of 3rd period - Snap shot by Brayden Point.
0:32 of 3rd period - Shot Blocked by Nick Leddy.
0:34 of 3rd period - Snap shot by Brayden Point.
0:34 of 3rd period - Shot Blocked by Rasmus Ristolainen.
0:36 of 3rd period - Wrist shot by Shea Weber.
0:36 of 3rd period - Stopped by Cam Ward without a rebound.
0:37 of 3rd period - David Krejci wins face-off versus T.J. Oshie in Ducks zone.
1:08 of 3rd period - Snap shot by Jordan Staal.
1:08 of 3rd period - Stopped by Scott Darling without a rebound.
1:09 of 3rd period - Jordan Staal wins face-off versus Brayden Point in Devils zone.
1:12 of 3rd period - Snap shot by Jordan Staal.
1:12 of 3rd period - Stopped by Scott Darling without a rebound.
1:13 of 3rd period - David Krejci wins face-off versus Brayden Point in Devils zone.
1:18 of 3rd period - Wrist shot by David Krejci.
1:18 of 3rd period - Shot Misses the Net.
1:30 of 3rd period - Snap shot by Danton Heinen.
1:30 of 3rd period - Shot Misses the Net.
1:32 of 3rd period - Wrist shot by Danton Heinen.
1:32 of 3rd period - Goal by Danton Heinen - Ducks : 2 - Devils : 4.
1:33 of 3rd period - David Krejci wins face-off versus Tyler Johnson in neutral zone.
2:07 of 3rd period - Wrist shot by Steven Stamkos.
2:07 of 3rd period - Shot Misses the Net.
2:48 of 3rd period - Snap shot by Tommy Wingels.
2:48 of 3rd period - Stopped by Scott Darling without a rebound.
2:49 of 3rd period - Tyler Johnson wins face-off versus David Krejci in Devils zone.
2:49 of 3rd period - Tyler Johnson is hit by Milan Lucic.
2:58 of 3rd period - Off-side.
2:59 of 3rd period - Tyler Johnson wins face-off versus David Krejci in neutral zone.
3:01 of 3rd period - Alexander Edler is hit by Nick Leddy and loses puck.
3:42 of 3rd period - Slapshot by Patrik Laine.
3:42 of 3rd period - Shot Misses the Net.
3:44 of 3rd period - Wrist shot by Rasmus Ristolainen.
3:44 of 3rd period - Stopped by Scott Darling with a rebound.
3:46 of 3rd period - Minor Penalty to Shea Weber for Hooking.
3:47 of 3rd period - David Krejci wins face-off versus Andrew Cogliano in Devils zone.
3:48 of 3rd period - Snap shot by Jean-Gabriel Pageau.
3:48 of 3rd period - Shot Blocked by Ben Lovejoy.
3:50 of 3rd period - Slapshot by Nick Leddy.
3:50 of 3rd period - Stopped by Scott Darling with a rebound.
3:52 of 3rd period - Snap shot by Jean-Gabriel Pageau.
3:52 of 3rd period - Shot Misses the Net.
3:54 of 3rd period - Slapshot by Nick Leddy.
3:54 of 3rd period - Deflect By David Krejci.
3:54 of 3rd period - Shot Misses the Net.
3:54 of 3rd period - Puck is out of play.
3:55 of 3rd period - David Krejci wins face-off versus Andrew Cogliano in Devils zone.
3:56 of 3rd period - Slapshot by Nick Leddy.
3:56 of 3rd period - Stopped by Scott Darling with a rebound.
3:58 of 3rd period - Wrist shot by Tom Wilson.
3:58 of 3rd period - Stopped by Scott Darling with a rebound.
4:57 of 3rd period - Snap shot by Alexander Debrincat.
4:57 of 3rd period - Shot Misses the Net.
5:17 of 3rd period - Alexander Edler is hit by Jonathan Ericsson and loses puck.
5:46 of 3rd period - Penalty to Shea Weber is over, Shea Weber is back on ice.
5:56 of 3rd period - Matt Hunwick is hit by Riley Nash and loses puck.
6:17 of 3rd period - Conor Sheary is hit by Tom Wilson and loses puck.
6:46 of 3rd period - Minor Penalty to Deryk Engelland for Hooking.
6:47 of 3rd period - Conor Sheary wins face-off versus Phillip Danault in Ducks zone.
6:54 of 3rd period - Wrist shot by Tanner Pearson.
6:54 of 3rd period - Shot Misses the Net.
6:56 of 3rd period - Snap shot by Tanner Pearson.
6:56 of 3rd period - Goal by Tanner Pearson - Ducks : 2 - Devils : 5.
6:57 of 3rd period - Steven Stamkos wins face-off versus David Krejci in neutral zone.
7:08 of 3rd period - Slapshot by Nick Leddy.
7:08 of 3rd period - Shot Misses the Net.
7:10 of 3rd period - Slapshot by David Krejci.
7:10 of 3rd period - Deflect By Patrik Laine.
7:10 of 3rd period - Stopped by Scott Darling with a rebound.
7:12 of 3rd period - Slapshot by Nick Leddy.
7:12 of 3rd period - Deflect By Shea Weber.
7:12 of 3rd period - Stopped by Scott Darling with a rebound.
8:11 of 3rd period - Icing by David Krejci.
8:12 of 3rd period - David Krejci wins face-off versus Nazem Kadri in Ducks zone.
8:22 of 3rd period - Off-side.
8:23 of 3rd period - Milan Lucic wins face-off versus Steven Stamkos in neutral zone.
8:57 of 3rd period - Slapshot by Tom Wilson.
8:57 of 3rd period - Shot Misses the Net.
9:15 of 3rd period - Rasmus Ristolainen is hit by Nazem Kadri and loses puck.
9:34 of 3rd period - Wrist shot by T.J. Oshie.
9:34 of 3rd period - Shot Blocked by Riley Nash.
9:36 of 3rd period - Slapshot by Ben Lovejoy.
9:36 of 3rd period - Shot Blocked by Tommy Wingels.
9:38 of 3rd period - Snap shot by Nazem Kadri.
9:38 of 3rd period - Stopped by Cam Ward with a rebound.
9:40 of 3rd period - Snap shot by T.J. Oshie.
9:40 of 3rd period - Stopped by Cam Ward without a rebound.
9:41 of 3rd period - Brayden Point wins face-off versus David Krejci in Ducks zone.
9:56 of 3rd period - Snap shot by David Krejci.
9:56 of 3rd period - Shot Blocked by Danton Heinen.
10:37 of 3rd period - Slapshot by Rasmus Ristolainen.
10:37 of 3rd period - Stopped by Scott Darling with a rebound.
10:55 of 3rd period - Milan Lucic is hit by Shea Weber and loses puck.
11:10 of 3rd period - Alexander Edler is hit by Phillip Danault and loses puck.
11:27 of 3rd period - Nick Holden is hit by Tom Wilson.
12:13 of 3rd period - Slapshot by Tommy Wingels.
12:13 of 3rd period - Deflect By Riley Nash.
12:13 of 3rd period - Shot Misses the Net.
12:13 of 3rd period - Puck is out of play.
12:14 of 3rd period - Brayden Point wins face-off versus Riley Nash in Devils zone.
12:25 of 3rd period - Snap shot by Tommy Wingels.
12:25 of 3rd period - Stopped by Scott Darling without a rebound.
12:26 of 3rd period - David Krejci wins face-off versus Steven Stamkos in Devils zone.
12:29 of 3rd period - Snap shot by Patrik Laine.
12:29 of 3rd period - Stopped by Scott Darling without a rebound.
12:30 of 3rd period - David Krejci wins face-off versus Steven Stamkos in Devils zone.
13:19 of 3rd period - Cody McLeod is hit by Ben Lovejoy and loses puck.
13:30 of 3rd period - Snap shot by Tommy Wingels.
13:30 of 3rd period - Goal by Tommy Wingels - Ducks : 3 - Devils : 5.
13:31 of 3rd period - David Krejci wins face-off versus Brayden Point in neutral zone.
13:56 of 3rd period - T.J. Oshie is hit by Nick Leddy and loses puck.
14:07 of 3rd period - Slapshot by Jordan Staal.
14:07 of 3rd period - Deflect By Phillip Danault.
14:07 of 3rd period - Shot Blocked by T.J. Oshie.
14:07 of 3rd period - Puck is out of play.
14:08 of 3rd period - Brayden Point wins face-off versus David Krejci in Devils zone.
14:20 of 3rd period - Icing by Brayden Point.
14:21 of 3rd period - David Krejci wins face-off versus Brayden Point in Devils zone.
14:32 of 3rd period - Slapshot by Danton Heinen.
14:32 of 3rd period - Stopped by Cam Ward with a rebound.
14:34 of 3rd period - Snap shot by Alexander Debrincat.
14:34 of 3rd period - Goal by Alexander Debrincat - Ducks : 3 - Devils : 6.
14:35 of 3rd period - Steven Stamkos wins face-off versus David Krejci in neutral zone.
14:51 of 3rd period - Snap shot by Steven Stamkos.
14:51 of 3rd period - Shot Hit the Post.
15:09 of 3rd period - Snap shot by Alexander Debrincat.
15:09 of 3rd period - Stopped by Cam Ward with a rebound.
15:11 of 3rd period - Backhand shot by Alexander Debrincat.
15:11 of 3rd period - Stopped by Cam Ward with a rebound.
15:13 of 3rd period - Wrist shot by Nick Holden.
15:13 of 3rd period - Deflect By Danton Heinen.
15:13 of 3rd period - Stopped by Cam Ward with a rebound.
15:51 of 3rd period - Backhand shot by Jordan Staal.
15:51 of 3rd period - Shot Misses the Net.
15:53 of 3rd period - Wrist shot by Jordan Staal.
15:53 of 3rd period - Stopped by Scott Darling without a rebound.
15:54 of 3rd period - Trevor Lewis wins face-off versus Tanner Pearson in Devils zone.
16:07 of 3rd period - Slapshot by Tom Wilson.
16:07 of 3rd period - Shot Blocked by Tyler Johnson.
16:23 of 3rd period - Snap shot by Steven Stamkos.
16:23 of 3rd period - Stopped by Cam Ward with a rebound.
16:43 of 3rd period - Jonathan Ericsson is hit by Brayden Point and loses puck.
16:54 of 3rd period - Snap shot by Brayden Point.
16:54 of 3rd period - Stopped by Cam Ward with a rebound.
19:08 of 3rd period - Wrist shot by Linden Vey.
19:08 of 3rd period - Shot Misses the Net.
19:33 of 3rd period - Minor Penalty to Ben Lovejoy for Interference.
19:34 of 3rd period - David Krejci wins face-off versus Andrew Cogliano in Devils zone.
19:37 of 3rd period - Slapshot by David Krejci.
19:37 of 3rd period - Deflect By Patrik Laine.
19:37 of 3rd period - Shot Blocked by Dmitry Kulikov.
19:37 of 3rd period - Puck is out of play.
19:38 of 3rd period - David Krejci wins face-off versus Andrew Cogliano in Devils zone.
19:53 of 3rd period - Wrist shot by Patrik Laine.
19:53 of 3rd period - Stopped by Scott Darling without a rebound.
19:54 of 3rd period - David Krejci wins face-off versus Andrew Cogliano in Devils zone.
Goals for this period are 1 for Ducks vs 3 for Devils.
Shots for this period are 15 for Ducks vs 12 for Devils.